 Dungeon Crawl Stone Soup version 0.26-a0-547-g695e311587 (webtiles) character file.

Game seed: 12638127763638341459

8173 Aksej the Blocker (level 11, -3/89 HPs)
             Began as a Gnoll Fighter on Aug 20, 2020.
             Was a Priest of Wu Jian.
             Slain by a troll (6 damage)
             ... on level 10 of the Dungeon.
             The game lasted 00:23:31 (9525 turns).

Aksej the Blocker (Gnoll Fighter)                   Turns: 9525, Time: 00:23:32

Health: -3/89      AC: 13    Str: 18    XL:     11   Next: 26%
Magic:  29/29      EV:  8    Int: 11    God:    Wu Jian [***...]
Gold:   593        SH: 16    Dex: 20    Spells: 22/22 levels left

rFire    . . .     SeeInvis .   a - +4 flail of the Eternal Warrior {speed, rPois MP+9}
rCold    + . .     Faith    .   w - +4 kite shield
rNeg     . . .     Spirit   .   h - +0 plate armour
rPois    +         Reflect  .   (no helmet)
rElec    .         Harm     .   r - +0 cloak
rCorr    .                      (no gloves)
MR       .....                  v - +0 pair of boots
Stlth    ..........             (no amulet)
HPRegen  0.24/turn              q - ring of protection from cold
MPRegen  0.21/turn              (no ring)

@: corroded, hasted, very quick
A: distributed training, fangs 1, thin skeletal structure 1, shaggy fur 1,
strong nose
a: Wall Jump, Serpent's Lash, Renounce Religion


You were on level 10 of the Dungeon.
You worshipped Wu Jian.
Wu Jian was most pleased with you.
You visited 2 branches of the dungeon, and saw 11 of its levels.

You collected 593 gold pieces.

Inventory:

Hand Weapons
 a - the +4 flail of the Eternal Warrior (weapon) {speed, rPois MP+9}
   (You found it on level 9 of the Dungeon)

   Attacks with this weapon are significantly faster.
   It protects you from poison.
   It affects your magic capacity (+9).
 b - a +2 flail of holy wrath
 c - a +1 flail of draining
 d - a +2 scimitar of flaming
Missiles
 s - 8 boomerangs (quivered)
Armour
 h - a +0 plate armour (worn)
 r - a +0 cloak (worn)
 v - a +0 pair of boots (worn)
 w - a +4 kite shield (worn)
Jewellery
 q - a ring of protection from cold (left hand)
Wands
 g - a wand of polymorph (19)
 n - a wand of flame (24)
Scrolls
 f - 4 scrolls of identify
 i - 4 scrolls of remove curse
 l - a scroll of enchant weapon
 m - a scroll of amnesia
Potions
 e - a potion of resistance
 j - a potion of lignification
 o - a potion of flight
 p - a potion of invisibility
 u - a potion of might
 x - 3 potions of curing


   Skills:
 + Level 9.1 Fighting
 + Level 6.1 Short Blades
 + Level 6.1 Long Blades
 + Level 7.7 Axes
 + Level 6.1 Maces & Flails
 + Level 6.1 Polearms
 + Level 6.1 Staves
 + Level 6.1 Slings
 + Level 6.1 Bows
 + Level 6.1 Crossbows
 + Level 6.1 Throwing
 + Level 9.1 Armour
 + Level 6.1 Dodging
 + Level 6.1 Stealth
 + Level 9.1 Shields
 + Level 6.1 Unarmed Combat
 + Level 6.1 Spellcasting
 + Level 5.1 Conjurations
 + Level 5.1 Hexes
 + Level 5.1 Summonings
 + Level 5.1 Necromancy
 + Level 5.1 Translocations
 + Level 5.1 Transmutations
 + Level 5.1 Fire Magic
 + Level 5.1 Ice Magic
 + Level 5.1 Air Magic
 + Level 5.1 Earth Magic
 + Level 5.1 Poison Magic
 + Level 6.7 Invocations
 + Level 6.1 Evocations


You had 22 spell levels left.
You didn't know any spells.
Your spell library contained the following spells:

 Spells                   Type           Power        Failure   Level
 Sandblast                Erth           ##....       77%         1
 Passwall                 Tmut/Erth      ##......     88%         2
 Stone Arrow              Conj/Erth      ##....       98%         3
 Petrify                  Tmut/Erth      ##......     100%        4
 Lee's Rapid Deconstruct  Erth           ##........   100%        5


Dungeon Overview and Level Annotations

Branches:
Dungeon (10/15)            Temple (1/1) D:4            Lair (0/6) D:10
    Orc (0/2) D:9

Altars:
Ashenzari
Dithmenos
Elyvilon
Fedhas
Gozag
Hepliaklqana
Kikubaaqudgha
Makhleb
Nemelex Xobeh
Okawaru
Qazlal
Ru
Sif Muna
Trog
Uskayaw
Vehumet
Wu Jian
Xom
Yredelemnul
Zin
The Shining One


Innate Abilities, Weirdness & Mutations

Your experience applies equally to all skills.
You have very sharp teeth.
Your uncanny sense of smell can sniff out nearby items.
You have a somewhat thin skeletal structure. (Dex +2, Stealth)
You are covered in fur. (AC +1)


Message History

* * * LOW HITPOINT WARNING * * *
The jelly is almost dead.
You spin and attack the jelly.
You sock the jelly!
You kill the jelly!
The Council accepts your kill.
You spin and attack the orc priest.
You sock the orc priest!
You kill the orc priest!
The Council accepts your kill.
You block the troll's attack. x2; The troll claws you.
* * * LOW HITPOINT WARNING * * *
You spin and attack the porcupine.
You barely miss the porcupine.
The porcupine is severely wounded.
You spin and attack the troll repeatedly.
You hit the troll. You bite the troll, but do no damage.
The troll is lightly wounded.
You hit the troll but do no damage.
The troll is lightly wounded.
You block the porcupine's attack. The troll closely misses you. x2
The troll claws you.
You die...

..†.###.o####
###.#
##....#######
#.#######.......#
#...######......#
###.......#...(.#
#######.#....)#
#.......#
###...r.# #.(.@T#
#...†.# #.....#
####### ∆


You could see a troll and a porcupine.

Vanquished Creatures
  Harold (D:8)
  A two-headed ogre (D:10)
  Erica (D:9)
  Psyche (D:8)
  2 trolls (D:9)
  Prince Ribbit (D:7)
  A wyvern (D:10)
  4 yaks (D:9)
  A steam dragon (D:9)
  A porcupine (D:10)
  3 phantoms
  4 sky beasts
  3 orc warriors
  2 black bears (D:10)
  An ice beast (D:8)
  14 ogres
  2 centaurs
  3 big kobolds (D:9)
  4 bullfrogs
  A wyvern skeleton (D:9)
  3 scorpions
  A howler monkey (D:4)
  2 hounds
  A quasit (D:7)
  A centaur zombie (D:7)
  5 orc priests
  3 orc wizards
  Crazy Yiuf (D:7)
  A centaur skeleton (D:7)
  2 jellies
  A bullfrog skeleton (D:5)
  3 iguanas
  5 worker ants
  A hound zombie (D:10)
  15 gnolls
  A howler monkey skeleton (D:5)
  9 adders
  A shadow imp (D:6)
  2 white imps
  An ufetubus (D:7)
  An ooze (D:3)
  An adder zombie (D:5)
  An adder skeleton (D:8)
  3 worms
  A dart slug (D:2)
  5 leopard geckos
  30 orcs
  4 ball pythons
  8 giant cockroaches
  10 goblins
  3 hobgoblins
  13 jackals
  3 quokkas
  14 bats
  6 frilled lizards
  9 kobolds
  10 rats
232 creatures vanquished.

Vanquished Creatures (others)
  32 fungi (D:10)
  25 plants (D:10)
57 creatures vanquished.

Grand Total: 289 creatures vanquished

Notes
Turn   | Place    | Note
-------+----------+-------------------------------------------
     0 | D:1      | Aksej the Gnoll Fighter began the quest for the Orb.
     0 | D:1      | Reached XP level 1. HP: 23/23 MP: 1/1
   233 | D:1      | Reached XP level 2. HP: 29/29 MP: 2/2
   329 | D:1      | Reached XP level 3. HP: 34/35 MP: 3/3
   565 | D:2      | Reached skill level 1 in Invocations
   592 | D:2      | Reached skill level 1 in Short Blades
   592 | D:2      | Reached skill level 1 in Long Blades
   592 | D:2      | Reached skill level 1 in Maces & Flails
   592 | D:2      | Reached skill level 1 in Polearms
   592 | D:2      | Reached skill level 1 in Staves
   592 | D:2      | Reached skill level 1 in Slings
   592 | D:2      | Reached skill level 1 in Bows
   592 | D:2      | Reached skill level 1 in Crossbows
   592 | D:2      | Reached skill level 1 in Throwing
   592 | D:2      | Reached skill level 1 in Dodging
   592 | D:2      | Reached skill level 1 in Stealth
   592 | D:2      | Reached skill level 1 in Unarmed Combat
   592 | D:2      | Reached skill level 1 in Spellcasting
   592 | D:2      | Reached skill level 1 in Evocations
   910 | D:2      | Found a shadowy altar of Dithmenos.
   971 | D:2      | Reached XP level 4. HP: 41/41 MP: 5/5
  1343 | D:3      | Reached skill level 1 in Conjurations
  1343 | D:3      | Reached skill level 1 in Hexes
  1343 | D:3      | Reached skill level 1 in Summonings
  1343 | D:3      | Reached skill level 1 in Necromancy
  1343 | D:3      | Reached skill level 1 in Translocations
  1343 | D:3      | Reached skill level 1 in Transmutations
  1343 | D:3      | Reached skill level 1 in Fire Magic
  1343 | D:3      | Reached skill level 1 in Ice Magic
  1343 | D:3      | Reached skill level 1 in Air Magic
  1343 | D:3      | Reached skill level 1 in Earth Magic
  1343 | D:3      | Reached skill level 1 in Poison Magic
  1366 | D:3      | Reached XP level 5. HP: 19/47 MP: 5/7
  1859 | D:3      | Reached XP level 6. HP: 18/53 MP: 8/8
  2391 | D:3      | Found a glowing golden altar of the Shining One.
  2661 | D:4      | Reached skill level 5 in Axes
  2982 | D:4      | Noticed a phantom
  3040 | D:4      | Killed a phantom
  3040 | D:4      | Reached XP level 7. HP: 21/59 MP: 10/10
  3617 | D:4      | Found a staircase to the Ecumenical Temple.
  3626 | Temple   | Entered the Ecumenical Temple
  3837 | Temple   | Became a worshipper of the Wu Jian Council
  4471 | D:5      | Entered Level 5 of the Dungeon
  4910 | D:5      | Found a white marble altar of Elyvilon.
  4945 | D:5      | Reached XP level 8. HP: 67/67 MP: 12/12
  5040 | D:5      | Reached * piety under Wu Jian
  6151 | D:6      | Found an ancient bone altar of Kikubaaqudgha.
  6151 | D:6      | Found a burning altar of Makhleb.
  6157 | D:6      | Found a faded altar of an unknown god.
  6159 | D:6      | Found an opulent altar of Gozag.
  6160 | D:6      | Found a faded altar of an unknown god.
  6245 | D:7      | Noticed Prince Ribbit
  6468 | D:7      | Killed Prince Ribbit
  6468 | D:7      | Reached XP level 9. HP: 59/72 MP: 14/14
  6587 | D:7      | Found a blossoming altar of Fedhas.
  6798 | D:7      | Found a hazy altar of Hepliaklqana.
  6836 | D:7      | Found a sacrificial altar of Ru.
  6864 | D:7      | Found a runed translucent door.
  6865 | D:7      | Noticed Crazy Yiuf
  6874 | D:7      | Killed Crazy Yiuf
  7580 | D:8      | Reached ** piety under Wu Jian
  7843 | D:8      | Noticed Psyche
  7862 | D:8      | Killed Psyche
  7953 | D:8      | Noticed Harold
  7965 | D:8      | Killed Harold
  7965 | D:8      | Reached skill level 5 in Invocations
  7965 | D:8      | Reached XP level 10. HP: 62/80 MP: 15/17
  8202 | D:8      | Gained mutation: You have a somewhat thin skeletal
                  | structure. (Dex +2, Stealth) [potion of mutation]
  8202 | D:8      | Gained mutation: You are covered in fur. (AC +1) [potion of
                  | mutation]
  8282 | D:9      | Found a staircase to the Orcish Mines.
  8298 | D:9      | Reached skill level 5 in Short Blades
  8298 | D:9      | Reached skill level 5 in Long Blades
  8298 | D:9      | Reached skill level 5 in Maces & Flails
  8298 | D:9      | Reached skill level 5 in Polearms
  8298 | D:9      | Reached skill level 5 in Staves
  8298 | D:9      | Reached skill level 5 in Slings
  8298 | D:9      | Reached skill level 5 in Bows
  8298 | D:9      | Reached skill level 5 in Crossbows
  8298 | D:9      | Reached skill level 5 in Throwing
  8298 | D:9      | Reached skill level 5 in Dodging
  8298 | D:9      | Reached skill level 5 in Stealth
  8298 | D:9      | Reached skill level 5 in Unarmed Combat
  8298 | D:9      | Reached skill level 5 in Spellcasting
  8298 | D:9      | Reached skill level 5 in Evocations
  8752 | D:9      | Reached *** piety under Wu Jian
  8850 | D:9      | Found a glowing silver altar of Zin.
  8867 | D:9      | Got a polished flail
  8868 | D:9      | Identified the +4 flail of the Eternal Warrior {speed,
                  | rPois MP+9} (You found it on level 9 of the Dungeon)
  9011 | D:9      | Noticed Erica
  9028 | D:9      | Killed Erica
  9105 | D:9      | Found a stormy altar of Qazlal.
  9123 | D:9      | Reached XP level 11. HP: 81/87 MP: 19/19
  9237 | D:10     | Entered Level 10 of the Dungeon
  9247 | D:10     | Noticed a two-headed ogre
  9280 | D:10     | Noticed a two-headed ogre
  9300 | D:10     | Killed a two-headed ogre
  9300 | D:10     | Reached skill level 5 in Conjurations
  9300 | D:10     | Reached skill level 5 in Hexes
  9300 | D:10     | Reached skill level 5 in Summonings
  9300 | D:10     | Reached skill level 5 in Necromancy
  9300 | D:10     | Reached skill level 5 in Translocations
  9300 | D:10     | Reached skill level 5 in Transmutations
  9300 | D:10     | Reached skill level 5 in Fire Magic
  9300 | D:10     | Reached skill level 5 in Ice Magic
  9300 | D:10     | Reached skill level 5 in Air Magic
  9300 | D:10     | Reached skill level 5 in Earth Magic
  9300 | D:10     | Reached skill level 5 in Poison Magic
  9464 | D:10     | Found a staircase to the Lair.
  9520 | D:10     | HP: 3/89 [porcupine (4)]
  9525 | D:10     | Slain by a troll

Illustrated notes

Levels and vault maps discovered:
D:1:      mrwooster_arrival_statue_3, layout_rooms
D:2:      layout_loops_ring, overflow_temple_1_default, minmay_tromino_v7
D:3:      layout_basic, tso_oasis_becter
D:4:      layout_basic, temple_hall, serial_forest, infiniplex_forest_end_3,
          infiniplex_forest_lined_corner, infiniplex_forest_join,
          infiniplex_forest_clump_cross, infiniplex_forest_straight_3,
          infiniplex_forest_straight_3, infiniplex_forest_split
D:5:      layout_gridville, elyvilon_altar_5
D:6:      layout_basic, chequers_temple_overflow_minitemple
D:7:      layout_basic, nicolae_ru_great_annihilating_truth,
          lemuel_doored_altar, enter_bailey_3, basic_altar, uniq_prince_ribbit1,
          uniq_crazy_yiuf_cottage
D:8:      layout_basic, uniq_psyche, uniq_harold
D:9:      layout_roguey, lemuel_round_altar, overflow_temple_1_default,
          kennysheep_orc_monster_closet_entryway, uniq_erica
D:10:     layout_rooms, due_lair_maze_entry_diamond, due_unseen_surprise,
          uniq_sonja, uniq_joseph, uniq_josephine
Temple:   minmay_temple_forest_path

Skill      XL: |  1  2  3  4  5  6  7  8  9 10 11 |
---------------+----------------------------------+-----
Invocations    | 1 2 3 4 5 6 |  6.7
Short Blades   | 1 2 3 4 5 6 |  6.1
Long Blades    | 1 2 3 4 5 6 |  6.1
Maces & Flails | 1 2 3 4 5 6 |  6.1
Polearms       | 1 2 3 4 5 6 |  6.1
Staves         | 1 2 3 4 5 6 |  6.1
Slings         | 1 2 3 4 5 6 |  6.1
Bows           | 1 2 3 4 5 6 |  6.1
Crossbows      | 1 2 3 4 5 6 |  6.1
Throwing       | 1 2 3 4 5 6 |  6.1
Dodging        | 1 2 3 4 5 6 |  6.1
Stealth        | 1 2 3 4 5 6 |  6.1
Unarmed Combat | 1 2 3 4 5 6 |  6.1
Spellcasting   | 1 2 3 4 5 6 |  6.1
Evocations     | 1 2 3 4 5 6 |  6.1
Conjurations   | 1 2 3 4 5 |  5.1
Hexes          | 1 2 3 4 5 |  5.1
Summonings     | 1 2 3 4 5 |  5.1
Necromancy     | 1 2 3 4 5 |  5.1
Translocations | 1 2 3 4 5 |  5.1
Transmutations | 1 2 3 4 5 |  5.1
Fire Magic     | 1 2 3 4 5 |  5.1
Ice Magic      | 1 2 3 4 5 |  5.1
Air Magic      | 1 2 3 4 5 |  5.1
Earth Magic    | 1 2 3 4 5 |  5.1
Poison Magic   | 1 2 3 4 5 |  5.1
Axes           | 5 6 7 |  7.7
Fighting       | 7 8 9 |  9.1
Armour         | 7 8 9 |  9.1
Shields        | 7 8 9 |  9.1

Action                   |  1- 3 |  4- 6 |  7- 9 | 10-12 || total
-------------------------+-------+-------+-------+-------++-------
Melee: War axe           |     7 |       |       |       ||     7
       Whip              |    85 |   145 |       |       ||   230
       Bite              |     7 |    24 |    45 |    38 ||   114
       Flail             |       |   106 |   342 |   275 ||   723
Throw: Boomerang         |       |       |    29 |    32 ||    61
Invok: Lunge             |       |       |    29 |    14 ||    43
       Whirlwind         |       |       |    25 |    45 ||    70
  Use: Scroll            |     4 |     9 |     8 |     3 ||    24
       Potion            |       |     3 |       |     4 ||     7
 Stab: Paralysed         |       |       |     1 |       ||     1
Armor: Scale mail        |    34 |     2 |       |       ||    36
       Plate armour      |       |   150 |   151 |    83 ||   384
       Skin              |       |    18 |       |       ||    18
Dodge: Dodged            |    31 |    37 |    75 |    51 ||   194
Block: Kite shield       |    65 |   152 |   264 |   170 ||   651

Table legend: (Time is in decaauts)
 A = Elapsed time spent in this place.
 B = Non-inter-level travel time spent in this place.
 C = Inter-level travel time spent in this place.
 D = Time resting spent in this place.
 E = Time spent auto-exploring this place.
 F = Levels seen in this place.
 G = Mean time per level.
                   A        B        C        D        E       F      G
               +--------+--------+--------+--------+--------+-----+--------+
         Total |   9712 |   9214 |    498 |      0 |   7340 |  11 |  882.9 |
       Dungeon |   9443 |   9002 |    441 |      0 |   7137 |  10 |  944.3 |
        Temple |    269 |    212 |     57 |      0 |    203 |   1 |  269.0 |
               +--------+--------+--------+--------+--------+-----+--------+

Top non-repeatable levels by time:
     D:4: 1675 daAuts
     D:3: 1237 daAuts
     D:6: 1145 daAuts
     D:9: 1064 daAuts
     D:7: 1040 daAuts
     D:8: 995 daAuts
     D:2: 838 daAuts
     D:5: 668 daAuts
     D:1: 534 daAuts
  Temple: 269 daAuts
    D:10: 244 daAuts
